Map: Emerald City LE

Players

Nightmare - Winner!

  • Race: Protoss Protoss
  • Spawn Location: 11:00

XxDepravity - Winner!

  • Race: Zerg Zerg
  • Spawn Location: 11:00

Hallucifier

  • Race: Protoss Protoss
  • League: Platinum
  • Spawn Location: 5:00

Kubrickr

  • Race: Protoss Protoss
  • League: Platinum
  • Spawn Location: 5:00

VOD

Have the link to the VOD?

Description

Memecast. 2v2 game w/ eman where I focused too hard making cannons in their base but still snuck it with void rays and eman's hard work.

Time

  • Played on: July 13, 2020, 7:32 p.m.
  • Length: 9:22
Show
View Real Time Build Order
Export as new Build Order

Nightmare Protoss - Winner!

Build Orders:  

Get SALT Encoding   

  12  0:04  Probe  
  13  0:16  Probe  
  13  0:20  Pylon  
  14  0:28  Probe  
  15  0:37  Probe  
  15  0:40  Gateway  
  16  0:45  Probe  
  17  0:54  Probe  
  17  0:56  Assimilator  
  18  1:06  Probe  
  19  1:15  Gateway  
  19  1:27  Pylon  
  19  1:37  Pylon  
  19  1:40  Cybernetics Core  
  19  1:41  Zealot  
  21  1:51  Probe  
  21  1:53  Assimilator  
  22  2:00  Pylon  
  22  2:03  Probe  
  23  2:09  Forge  
  23  2:11  Warp Gate  
  23  2:15  Probe  
  24  2:27  Probe  
  24  2:29  Pylon  
  25  2:45  Photon Cannon  
  25  2:50  Shield Battery  
  25  2:59  Photon Cannon  
  25  3:09  Photon Cannon  
  25  3:15  Pylon  
  25  3:24  Photon Cannon  
  23  3:43  Pylon  
  23  3:48  Photon Cannon  
  23  3:50  Shield Battery  
  23  4:02  Stalker x2  
  27  4:13  Photon Cannon  
  27  4:26  Photon Cannon  
  27  4:27  Pylon  
  27  4:38  Photon Cannon  
  27  4:39  Pylon  
  27  4:48  Gateway  
  27  4:53  Zealot  
  27  4:54  Zealot  
  25  5:11  Photon Cannon  
  22  5:34  Protoss Air Weapons Level 1  
  22  5:41  Stargate  
  22  5:52  Nexus  
  22  6:08  Stargate  
  22  6:11  Protoss Shields Level 1  
  22  6:13  Probe  
  23  6:21  Pylon  
  23  6:27  Void Ray  
  27  6:50  Probe  
  28  6:57  Assimilator  
  28  6:58  Probe  
  28  7:00  Assimilator  
  28  7:01  Probe  
  28  7:07  Probe  
  30  7:09  Probe  
  30  7:10  Void Ray  
  36  7:20  Probe  
  41  7:27  Probe  
  42  7:32  Probe, Oracle  
  42  7:50  Robotics Facility  
  42  7:51  Probe x2  
  42  7:56  Fleet Beacon  
  44  8:03  Probe  
  44  8:04  Probe  
  46  8:09  Void Ray  
  44  8:24  Probe x2  
  39  8:36  Probe  
  43  8:57  Pylon  
  43  9:04  Pylon  
Show
View Real Time Build Order
Export as new Build Order

XxDepravity Zerg - Winner!

Build Orders: Hatch First 

Get SALT Encoding   

  12  0:05  Drone  
  13  0:21  Overlord  
  13  0:22  Drone  
  14  0:40  Drone x2  
  16  0:44  Drone  
  17  0:59  Hatchery  
  16  1:06  Drone x2  
  18  1:21  Extractor  
  18  1:22  Spawning Pool  
  18  1:24  Drone  
  17  1:27  Drone  
  18  1:37  Drone  
  19  1:54  Overlord  
  19  2:10  Queen  
  19  2:11  Queen, Zergling x2  
  19  2:12  Zergling x2  
  19  2:13  Drone  
  26  2:26  Drone x2  
  26  2:27  Metabolic Boost  
  28  2:31  Drone  
  28  2:33  Drone  
  30  2:41  Drone  
  30  2:43  Overlord  
  31  3:10  Hatchery  
  30  3:16  Drone  
  30  3:17  Drone x5  
  36  3:22  Roach Warren  
  36  3:23  Extractor  
  34  3:27  Queen  
  34  3:29  Drone  
  34  3:31  Drone  
  38  3:38  Spore Crawler  
  37  3:44  Spore Crawler  
  34  3:50  Zergling x10  
  39  4:03  Overlord  
  39  4:04  Overlord  
  39  4:11  Overlord  
  39  4:12  Overlord  
  39  4:26  Zergling x14  
  46  4:56  Drone x2  
  46  4:57  Drone x6  
  54  5:02  Lair  
  53  5:41  Drone  
  53  5:42  Drone x2  
  54  5:43  Roach x7  
  59  6:05  Spire  
  58  6:18  Extractor  
  58  6:20  Extractor  
  58  6:22  Roach  
  58  6:23  Roach x7  
  58  6:25  Drone x2  
  73  6:27  Overlord  
  73  6:30  Overlord x7  
  74  6:42  Overlord  
  74  6:53  Drone x2  
  74  6:54  Drone x2  
  77  6:55  Drone  
  77  6:56  Drone  
  77  6:57  Drone x3  
  77  6:58  Drone x2  
  77  7:00  Extractor  
  84  7:02  Spore Crawler, Extractor  
  84  7:04  Spine Crawler  
  84  7:06  Queen  
  83  7:14  Glial Reconstitution  
  83  7:17  Mutalisk  
  83  7:18  Mutalisk  
  87  7:33  Mutalisk x2  
  87  7:34  Mutalisk  
  87  7:36  Mutalisk  
  93  7:40  Spore Crawler  
  82  7:50  Overseer  
  76  7:52  Mutalisk  
  66  8:04  Mutalisk  
  66  8:09  Zergling x2  
  66  8:10  Zergling x28  
  71  8:16  Drone  
  70  8:39  Mutalisk x4  
  78  8:42  Drone x2  
Show
View Real Time Build Order
Export as new Build Order

Hallucifier Protoss 

Build Orders:  

Get SALT Encoding   

  12  0:03  Probe  
  13  0:15  Probe  
  13  0:18  Pylon  
  14  0:27  Probe  
  15  0:30  Assimilator  
  15  0:41  Gateway  
  15  0:45  Probe  
  16  0:52  Assimilator  
  16  0:59  Probe  
  18  1:11  Probe  
  18  1:22  Gateway  
  18  1:23  Probe  
  19  1:31  Cybernetics Core  
  19  1:35  Probe  
  20  1:52  Probe  
  21  2:00  Pylon  
  21  2:04  Probe  
  22  2:11  Stalker  
  22  2:12  Warp Gate  
  22  2:16  Probe  
  22  2:17  Stalker  
  22  2:18  Pylon  
  27  2:38  Stalker  
  29  2:46  Stalker  
  31  3:01  Gateway  
  31  3:04  Gateway  
  31  3:25  Pylon  
  31  3:51  Probe  
  31  3:54  Pylon  
  31  3:55  Pylon  
  32  4:00  Zealot x4  
  36  4:25  Stalker  
  36  4:26  Shield Battery, Stalker  
  36  4:27  Stalker  
  36  4:28  Stalker  
  25  4:52  Stalker x3  
  28  4:59  Shield Battery  
  28  5:14  Stalker  
  28  5:16  Stalker  
  32  5:25  Stalker  
  32  5:37  Stalker  
  32  5:40  Stalker  
  35  5:52  Stalker x2  
  39  6:10  Zealot x2  
  43  6:19  Zealot  
  43  6:20  Assimilator  
  35  6:34  Zealot x3  
  41  6:47  Zealot  
  43  7:03  Probe  
  44  7:11  Probe  
  45  7:20  Probe  
  45  7:21  Zealot x4  
  52  7:47  Nexus  
  46  8:08  Stalker x2  
  46  8:11  Sentry  
  46  8:12  Sentry  
  38  8:38  Stargate  
  38  8:40  Stargate, Stalker  
  32  8:46  Stalker x2  
  36  8:59  Probe x2  
Show
View Real Time Build Order
Export as new Build Order

Kubrickr Protoss 

Build Orders:  

Get SALT Encoding   

  12  0:02  Probe  
  13  0:16  Pylon  
  13  0:17  Probe  
  14  0:33  Probe  
  15  0:39  Gateway  
  15  0:41  Assimilator  
  15  0:46  Probe  
  16  0:58  Probe  
  16  1:01  Gateway  
  17  1:06  Pylon  
  17  1:10  Probe  
  18  1:20  Assimilator  
  18  1:22  Probe  
  19  1:29  Cybernetics Core  
  19  1:42  Probe  
  20  1:47  Zealot  
  22  1:54  Probe  
  23  2:03  Warp Gate  
  23  2:08  Twilight Council  
  23  2:17  Stalker  
  23  2:19  Zealot  
  27  2:28  Probe, Charge  
  28  2:31  Gateway  
  28  2:46  Zealot  
  30  3:03  Pylon  
  30  3:06  Gateway  
  30  3:12  Pylon  
  30  3:20  Pylon  
  30  3:22  Zealot  
  32  3:53  Zealot x2  
  36  4:00  Zealot  
  38  4:07  Zealot  
  40  4:16  Dark Shrine  
  36  4:23  Zealot x3  
  36  4:38  Zealot  
  38  4:45  Zealot  
  38  4:46  Zealot x2  
  43  5:02  Dark Shrine  
  33  5:14  Zealot x4  
  29  5:36  Zealot x3  
  35  6:16  Zealot x2  
  39  6:38  Pylon  
  39  6:41  Pylon  
  39  6:57  Dark Templar x4  
  47  7:27  Nexus  
  47  7:29  Pylon  
  33  8:02  Stalker x3  
  31  8:27  Stalker  
  31  8:33  Gateway  
  31  8:45  Probe  
  31  8:48  Probe  
  31  8:53  Probe  
  31  8:54  Zealot x2  
  35  9:00  Probe  
  37  9:02  Probe  
  37  9:03  Shield Battery  
Tags
 
Add a new tag
Caveats
  • Supply blocks, unpowered buildings, or Contaminate may cause inaccurate times.
  • Supply counts are checked every 10 seconds.